 Seeded DCSS version 0.27-a0-95-g5a9077b8ae (webtiles) character file.

Game seed: 2500787313465770679 (custom seed)

5652 tacoguy the Cleaver (level 10, -11/91 HPs)
             Began as a Minotaur Fighter on Jan 18, 2021.
             Was an Initiate of Okawaru.
             Mangled by a two-headed ogre
             ... wielding a +0 giant club
              (24 damage)
             ... on level 8 of the Dungeon.
             The game lasted 00:23:19 (8597 turns).

tacoguy the Cleaver (Minotaur Fighter)              Turns: 8597, Time: 00:23:19

Health: -11/91     AC: 11    Str: 24    XL:     10   Next: 46%
Magic:  9/9        EV: 10    Int:  5    God:    Okawaru [......]
Gold:   353        SH: 17    Dex: 10    Spells: 9/9 levels left

rFire    + . .     SeeInvis .   a - +0 war axe
rCold    . . .     Faith    .   o - +0 tower shield
rNeg     + . .     Spirit   .   b - +0 scale mail
rPois    .         Reflect  .   (helmet restricted)
rElec    .         Harm     .   v - +0 cloak
rCorr    .         Rampage  .   A - +0 pair of gloves
Will     +....     Rnd*Tele +   (no boots)
Stlth    ..........             I - amulet of magic regeneration
HPRegen  0.25/turn              w - ring of Spite {*Tele +Blink rF+ rN+ Will+}
MPRegen  0.36/turn              r - +4 ring of slaying

@: no status effects
A: retaliatory headbutt, horns 2
a: Renounce Religion, Evoke Blink


You were on level 8 of the Dungeon.
You worshipped Okawaru.
Okawaru was noncommittal.
You visited 2 branches of the dungeon, and saw 9 of its levels.
You also visited: Sewer.

You collected 353 gold pieces.

Inventory:

Hand Weapons
 a - a +0 war axe (weapon)
Armour
 b - a +0 scale mail (worn)
 c - a +0 kite shield
 o - a +0 tower shield (worn)
 v - a +0 cloak (worn)
 A - a +0 pair of gloves (worn)
Jewellery
 e - an uncursed ring of wizardry
 r - a +4 ring of slaying (right hand)
 w - the ring of Spite (left hand) {*Tele +Blink rF+ rN+ Will+}
   (You found it on level 5 of the Dungeon)

   [ring of teleportation]

   It may teleport you next to monsters.
   It protects you from fire.
   It protects you from negative energy.
   It affects your willpower, your defense against some magical effects.
   It lets you blink.
 G - an uncursed ring of fire
 I - an amulet of magic regeneration (around neck)
Wands
 i - a wand of polymorph (8)
 z - a wand of digging (5)
 D - a wand of disintegration (22)
 K - a wand of acid (6)
Scrolls
 g - a scroll of blinking {unknown}
 l - 8 scrolls of teleportation
 m - 2 scrolls of amnesia {unknown}
 q - 4 scrolls of enchant weapon {unknown}
 t - a scroll of magic mapping {unknown}
 u - 7 scrolls of identify
 y - a scroll of fog {unknown}
 C - 2 scrolls of random uselessness {unknown}
 E - a scroll of noise {unknown}
 F - a scroll of remove curse
 J - a scroll of summoning {unknown}
Potions
 d - a potion of might
 f - 3 potions of curing
 h - 2 potions of ambrosia {unknown}
 j - 2 potions of brilliance {unknown}
 n - a potion of lignification {unknown}
 p - a potion of cancellation {unknown}
 s - 2 potions of haste {unknown}
 x - a potion of magic {unknown}
 B - 6 potions of flight {unknown}
 H - a potion of attraction {unknown}


   Skills:
 + Level 9.1 Fighting
 + Level 9.4 Axes
 + Level 9.3 Armour
 + Level 7.2 Dodging
 - Level 0.3 Stealth
 + Level 8.9 Shields


You had 9 spell levels left.
You didn't know any spells.
Your spell library contained the following spells:

 Spells                   Type           Power        Failure   Level
 Corona                   Hex            0%           100%        1
 Magic Dart               Conj           0%           100%        1
 Ensorcelled Hibernation  Hex/Ice        0%           100%        2
 Searing Ray              Conj           0%           100%        2
 Confusing Touch          Hex            0%           100%        3
 Dazzling Flash           Conj/Hex       0%           100%        3
 Tukima's Dance           Hex            0%           100%        3
 Fulminant Prism          Conj/Hex       0%           100%        4
 Iskenderun's Mystic Bla  Conj/Tloc      0%           100%        4


Dungeon Overview and Level Annotations

Branches:
Dungeon (8/15)             Temple (1/1) D:7           Sewer (visited)
   Lair: D:8-11

Altars:
Ashenzari
Cheibriados
Dithmenos
Elyvilon
Fedhas
Gozag
Hepliaklqana
Kikubaaqudgha
Makhleb
Nemelex Xobeh
Okawaru
Qazlal
Ru
Sif Muna
Trog
Uskayaw
Vehumet
Wu Jian
Xom
Yredelemnul
Zin
The Shining One

Shops:
D:7 [


Innate Abilities, Weirdness & Mutations

You reflexively headbutt those who attack you in melee.
You have a pair of horns on your head.


Message History

You barely miss the two-headed ogre.
The two-headed ogre is heavily wounded.
Your scale mail prevents you from hitting the two-headed ogre.
The two-headed ogre is heavily wounded.
The two-headed ogre hits you with a +0 giant club.
* * * LOW HITPOINT WARNING * * *
The two-headed ogre hits you but does no damage.
You feel much better. You block the two-headed ogre's attack.
The two-headed ogre hits you with a +0 giant club!!
* * * LOW HITPOINT WARNING * * *
You slash the two-headed ogre!
Your headbutt misses the two-headed ogre.
The two-headed ogre is heavily wounded.
The two-headed ogre misses you.
The two-headed ogre hits you with a +0 giant club.
* * * LOW HITPOINT WARNING * * *
You hit the two-headed ogre.
The two-headed ogre is severely wounded.
The two-headed ogre hits you with a +0 giant club!!
You die...

...#...#..........
......##.#.........##...
.....#####..............
.....###................
.......................
.....................#
<...................#
.....#<###......O.##.#..
...<.#.##.......@.....?.
.......##.....##.##.....
.......##......#..# ...
...............#.... .
.....................
..................####
.....#.............
.....#.......##....
....##...##### #..


You could see a two-headed ogre.

Vanquished Creatures
  Harold (D:7)
  Pikel (D:7)
  A moth of wrath (D:6)
  Joseph (D:7)
  A troll (D:6)
  Grinder (D:3)
  Sigmund (D:5)
  Eustachio (D:5)
  A water moccasin (D:8)
  3 ice beasts (D:6)
  A phantom (D:6)
  An orc warrior (D:7)
  An ogre (D:6)
  A centaur (D:5)
  2 lemures (D:7)
  A big kobold (Sewer)
  2 bullfrogs
  A gnoll sergeant (D:6)
  4 scorpions (D:7)
  A water moccasin skeleton (D:8)
  8 wights
  2 quasits (Sewer)
  2 jellies
  3 hounds
  4 orc priests
  A centaur skeleton (D:6)
  9 orc wizards
  A bullfrog skeleton (D:4)
  2 iguanas
  8 worker ants
  4 big kobold zombies (Sewer)
  2 hound zombies (D:6)
  A hound skeleton (D:4)
  A worker ant zombie (D:6)
  13 adders
  7 gnolls (D:6)
  A howler monkey skeleton (D:4)
  9 river rats (D:5)
  4 shadow imps
  2 white imps
  3 ufetubi
  2 oozes (Sewer)
  2 adder zombies
  An adder skeleton (D:7)
  6 worms
  A dart slug (D:2)
  3 leopard geckos
  29 orcs
  2 ball pythons
  A bat zombie (Sewer)
  8 giant cockroaches
  4 goblins
  8 hobgoblins
  14 jackals
  18 kobolds
  6 quokkas
  10 bats
  2 frilled lizards
  2 leopard gecko skeletons (D:4)
  A leopard gecko zombie (D:6)
  A quokka skeleton (D:4)
  22 rats
257 creatures vanquished.

Vanquished Creatures (others)
  An ooze (Sewer)
  A bat zombie (Sewer)
  A kobold zombie (Sewer)
  6 fungi (D:7)
9 creatures vanquished.

Grand Total: 266 creatures vanquished

Notes
Turn   | Place    | Note
-------+----------+-------------------------------------------
     0 | D:1      | tacoguy the Minotaur Fighter began the quest for the Orb.
     0 | D:1      | Reached XP level 1. HP: 19/19 MP: 0/0
   142 | D:1      | You fall into a shaft and drop 1 floor!
   227 | D:2      | Found a glowing silver altar of Zin.
   230 | D:2      | Found a broken altar of Ashenzari.
   233 | D:2      | Found a basalt altar of Yredelemnul.
   257 | D:2      | Reached XP level 2. HP: 27/27 MP: 1/1
   332 | D:2      | Reached XP level 3. HP: 26/33 MP: 2/2
   662 | D:2      | Found an opulent altar of Gozag.
  1028 | D:2      | Reached XP level 4. HP: 40/41 MP: 3/3
  1052 | D:2      | Reached XP level 5. HP: 31/47 MP: 4/4
  1164 | D:2      | Reached skill level 5 in Axes
  1176 | D:2      | Reached skill level 1 in Dodging
  1692 | D:3      | Reached XP level 6. HP: 48/53 MP: 5/5
  1784 | D:3      | Reached skill level 5 in Armour
  2172 | D:3      | Noticed Grinder
  2185 | D:3      | Killed Grinder
  2186 | D:3      | Reached skill level 5 in Fighting
  2186 | D:3      | Reached skill level 5 in Shields
  2186 | D:3      | Reached XP level 7. HP: 46/61 MP: 6/6
  2346 | D:3      | You fall into a shaft and drop 2 floors!
  2346 | D:5      | Entered Level 5 of the Dungeon
  2543 | D:3      | Found an opulent altar of Gozag.
  2545 | D:3      | Found a stormy altar of Qazlal.
  2545 | D:3      | Found a shimmering altar of Xom.
  2547 | D:3      | Found a radiant altar of Vehumet.
  2547 | D:3      | Found a white marble altar of Elyvilon.
  2547 | D:3      | Found a shimmering altar of Xom.
  2914 | D:4      | Found a glowing golden altar of the Shining One.
  3090 | D:4      | Found a snail-covered altar of Cheibriados.
  4137 | D:5      | Noticed Sigmund
  4154 | D:5      | Killed Sigmund
  4155 | D:5      | Reached XP level 8. HP: 20/70 MP: 7/7
  4405 | D:5      | Got a clouded wooden ring
  4407 | D:5      | Identified the ring of Spite {*Tele +Blink rF+ rN+ Will+}
                  | (You found it on level 5 of the Dungeon)
  4416 | D:5      | Found a hide-covered altar of Uskayaw.
  4587 | D:5      | Noticed Eustachio
  4614 | D:5      | Killed Eustachio
  5204 | D:6      | Found a glowing drain.
  5382 | D:6      | Noticed a troll
  5389 | D:6      | Killed a troll
  5390 | D:6      | Reached skill level 5 in Dodging
  5390 | D:6      | Reached XP level 9. HP: 32/79 MP: 8/8
  5417 | D:6      | Found a shimmering altar of Xom.
  5480 | D:6      | Noticed a moth of wrath
  5539 | Sewer    | Entered a sewer
  5809 | Sewer    | Found a burning altar of Makhleb.
  6296 | D:6      | Found an ornate altar of the Wu Jian Council.
  6721 | D:6      | Found a bloodstained altar of Trog.
  6732 | D:6      | Killed a moth of wrath
  7010 | D:7      | Noticed Pikel
  7020 | D:7      | Killed Pikel
  7021 | D:7      | Reached XP level 10. HP: 64/90 MP: 9/9
  7026 | D:7      | Found a staircase to the Ecumenical Temple.
  7030 | D:7      | Found Nivvuekhlihu's Antique Armour Shop.
  7433 | D:7      | Found the +7 Singing Sword {vorpal, sonic wave}
  7549 | D:7      | Found a hazy altar of Hepliaklqana.
  7665 | D:7      | Noticed Harold
  7665 | D:7      | Noticed Joseph
  7700 | D:7      | Killed Joseph
  7702 | D:7      | Killed Harold
  8266 | Temple   | Entered the Ecumenical Temple
  8329 | Temple   | Became a worshipper of Warmaster Okawaru
  8584 | D:8      | Noticed a two-headed ogre
  8597 | D:8      | Mangled by a two-headed ogre

Illustrated notes

Levels and vault maps discovered:
D:1:      minmay_arrival_stair_chambers, layout_loops_ring
D:2:      layout_loops_corners, grunt_gozag_breadcrumbs,
          grunt_temple_overflow_diamond
D:3:      layout_loops_cross, doesnt_xom_only_xom, uniq_grinder
D:4:      layout_loops_ring, tso_altar, cheibriados_altar_1,
          minmay_increasing_density
D:5:      lemuel_ratsnest, layout_layer_cave, eat_drink_and_be_merry_uskayaw,
          uniq_sigmund, uniq_eustachio
D:6:      layout_basic, nicolae_overflow_crystal_walls, tgw_trog,
          portal_sewer_entry_b, basic_altar
D:7:      old_forge, layout_cave_pods, nzn_hepliaklqana_mist_gate, serial_shops,
          nicolae_shop_overgrown_old_shop, serial_rivers,
          chequers_serial_rivers_micro_e, chequers_serial_rivers_marsh,
          chequers_serial_rivers_marsh, chequers_serial_rivers_large_a,
          chequers_serial_rivers_micro_d, minmay_misc_feat_doors, uniq_harold,
          uniq_pikel, uniq_joseph
D:8:      layout_cave_pools
Temple:   eino_temple_lava

Skill      XL: |  1  2  3  4  5  6  7  8  9 10 |
---------------+-------------------------------+-----
Axes           | 3 4 5 6 7 8 9 |  9.4
Armour         | 4 5 6 7 8 9 |  9.3
Fighting       | 4 5 6 7 8 9 |  9.1
Shields        | 4 5 6 8 |  8.9
Dodging        | 1 2 3 5 6 7 |  7.2
Stealth        | |  0.3

Action                   |  1- 3 |  4- 6 |  7- 9 | 10-12 || total
-------------------------+-------+-------+-------+-------++-------
Melee: War axe           |    50 |    99 |   355 |    91 ||   595
       Headbutt          |     3 |    12 |    66 |    19 ||   100
 Abil: Evoke Blink       |       |       |       |     1 ||     1
Evoke: Wand              |       |       |     1 |       ||     1
  Use: Scroll            |       |       |     5 |       ||     5
       Potion            |       |       |     4 |     3 ||     7
 Stab: Held in net/web   |       |       |       |     1 ||     1
Armor: Scale mail        |    22 |    20 |   154 |    28 ||   224
Dodge: Dodged            |    18 |    42 |    95 |    18 ||   173
Block: Kite shield       |    23 |    35 |     3 |       ||    61
       Tower shield      |       |       |   330 |    64 ||   394

Table legend: (Time is in decaauts)
 A = Elapsed time spent in this place.
 B = Non-inter-level travel time spent in this place.
 C = Inter-level travel time spent in this place.
 D = Time resting spent in this place.
 E = Time spent auto-exploring this place.
 F = Levels seen in this place.
 G = Mean time per level.
                   A        B        C        D        E       F      G
               +--------+--------+--------+--------+--------+-----+--------+
         Total |   8791 |   8295 |    496 |   1274 |   5459 |  10 |  879.1 |
       Dungeon |   8232 |   7749 |    483 |   1111 |   5271 |   8 | 1029.0 |
        Temple |     71 |     58 |     13 |      0 |     56 |   1 |   71.0 |
         Sewer |    487 |    487 |      0 |    163 |    132 |   1 |  487.0 |
               +--------+--------+--------+--------+--------+-----+--------+

Top non-repeatable levels by time:
     D:2: 1533 daAuts
     D:5: 1526 daAuts
     D:6: 1356 daAuts
     D:7: 1323 daAuts
     D:3: 1069 daAuts
     D:4: 1027 daAuts
   Sewer: 487 daAuts
     D:8: 251 daAuts
     D:1: 144 daAuts
  Temple: 71 daAuts
